Map: Frozen Temple

Players

Fropez

  • Race: Protoss Protoss
  • League: Gold
  • Spawn Location: 5:00

Marzhin - Winner!

  • Race: Terran Terran
  • League: Silver
  • Spawn Location: 11:00

VOD

Have the link to the VOD?

Description

Time

  • Played on: Nov. 14, 2016, 11:23 a.m.
  • Length: 13:08
Show
View Real Time Build Order
Export as new Build Order

Fropez Protoss 

Build Orders:  

Get SALT Encoding   

  12  0:01  Probe (Chrono Boost)  
  13  0:11  Probe (Chrono Boost)  
  14  0:31  Pylon  
  14  0:33  Probe (Chrono Boost)  
  15  0:49  Probe (Chrono Boost), Gateway  
  16  0:52  Gateway  
  16  0:57  Assimilator  
  16  1:00  Probe (Chrono Boost)  
  17  1:12  Probe (Chrono Boost)  
  18  1:30  Probe (Chrono Boost)  
  19  1:40  Probe (Chrono Boost), Cybernetics Core  
  19  1:46  Assimilator  
  19  1:59  Probe (Chrono Boost)  
  20  2:06  Pylon  
  20  2:10  Probe (Chrono Boost)  
  21  2:22  Pylon  
  23  2:23  Mothership Core (Chrono Boost)  
  23  2:26  Adept  
  25  2:37  Adept  
  25  2:41  Probe (Chrono Boost)  
  25  2:42  Warp Gate (Chrono Boost)  
  28  2:53  Probe (Chrono Boost)  
  28  2:54  Adept  
  31  3:04  Probe  
  32  3:08  Adept  
  34  3:17  Probe  
  34  3:19  Twilight Council  
  35  3:34  Probe  
  35  3:40  Adept  
  38  3:44  Pylon  
  38  3:46  Probe  
  38  3:47  Pylon  
  39  4:00  Nexus  
  39  4:05  Pylon, Probe  
  42  4:13  Resonating Glaives (Chrono Boost)  
  42  4:17  Probe  
  42  4:22  Robotics Facility  
  39  4:36  Probe  
  40  4:43  Gateway  
  40  4:46  Pylon  
  40  4:48  Probe  
  37  4:54  Stalker x2  
  41  5:00  Probe  
  42  5:10  Immortal  
  42  5:11  Probe  
  42  5:12  Probe  
  48  5:19  Stalker x2  
  52  5:22  Probe  
  52  5:27  Probe  
  54  5:33  Probe  
  55  5:40  Assimilator  
  55  5:44  Adept x2  
  55  5:45  Adept  
  55  5:49  Observer  
  62  5:55  Probe  
  63  5:58  Probe  
  63  6:03  Pylon  
  64  6:11  Pylon  
  64  6:14  Stalker x2  
  64  6:15  Stalker  
  70  6:23  Immortal  
  74  6:31  Probe  
  74  6:32  Probe, Gateway  
  76  6:33  Assimilator  
  66  7:11  Immortal  
  70  7:22  Templar Archives  
  70  7:23  Gateway  
  70  7:25  Pylon  
  70  7:27  Adept  
  70  7:28  Adept x2  
  76  7:37  Gateway  
  76  7:38  Robotics Bay  
  76  7:49  Adept x4  
  76  7:50  Immortal  
  88  7:54  Probe  
  89  8:03  Probe  
  90  8:06  Probe  
  91  8:14  Nexus  
  91  8:18  Probe  
  92  8:20  Pylon  
  92  8:36  Pylon  
  92  8:38  Pylon  
  92  8:39  Gravitic Drive  
  92  8:41  Immortal  
  92  8:48  Zealot x3  
  98  8:54  Pylon  
  102  8:57  Pylon  
  102  8:58  Probe  
  102  9:00  Probe  
  104  9:06  Pylon  
  104  9:11  Pylon  
  104  9:12  Probe  
  104  9:13  Probe  
  104  9:14  Pylon  
  104  9:16  Assimilator  
  106  9:20  Assimilator  
  106  9:25  Stalker  
  108  9:44  Forge x2  
  108  9:45  High Templar x4  
  112  9:46  High Templar  
  110  10:07  Adept  
  112  10:19  Stalker x2  
  112  10:20  Stalker x2  
  114  10:34  Stalker x2  
  118  10:43  Probe x2  
  120  10:51  High Templar x4  
  120  10:53  Archon x2  
  120  10:55  Archon x2  
  128  11:03  Photon Cannon  
  128  11:08  Photon Cannon  
  128  11:20  Photon Cannon  
  128  11:24  Observer  
  115  11:40  Probe x2, Photon Cannon  
  115  11:41  Probe  
  117  11:51  Probe  
  117  11:52  Zealot x4  
  117  11:53  Zealot  
  114  12:17  Cybernetics Core  
  114  12:19  Probe  
  114  12:20  Probe x2  
  117  12:32  Pylon  
  117  12:33  Assimilator  
Show
View Real Time Build Order
Export as new Build Order

Marzhin Terran - Winner!

Build Orders: Reaper Expand, MMM Bio 

Get SALT Encoding   

  12  0:01  SCV  
  13  0:13  SCV  
  14  0:18  Supply Depot  
  14  0:25  SCV  
  15  0:40  SCV  
  16  0:43  Refinery  
  16  0:48  Barracks  
  16  0:52  SCV  
  17  1:06  SCV  
  18  1:23  Supply Depot  
  18  1:28  SCV  
  19  1:37  Engineering Bay  
  19  1:42  Orbital Command  
  19  1:50  Reaper  
  20  2:16  Command Center  
  20  2:22  Reaper  
  21  2:23  SCV  
  22  2:35  SCV  
  23  2:40  Barracks  
  23  2:47  SCV  
  23  2:54  Marine  
  24  3:00  SCV  
  25  3:12  SCV  
  27  3:13  Barracks Tech Lab  
  27  3:17  Barracks  
  26  3:24  SCV  
  27  3:27  Marine  
  27  3:33  Orbital Command  
  27  3:36  SCV  
  27  3:37  Command Center  
  28  3:44  Refinery  
  28  3:45  Marauder  
  28  3:46  Concussive Shells  
  28  3:48  SCV  
  31  3:49  Barracks Tech Lab  
  31  4:00  SCV  
  32  4:04  Barracks Reactor  
  32  4:11  SCV, Refinery  
  32  4:12  Refinery  
  32  4:13  SCV  
  34  4:18  Marauder  
  34  4:20  Marauder  
  34  4:23  SCV  
  39  4:25  SCV  
  38  4:36  SCV  
  38  4:37  SCV  
  38  4:48  SCV  
  38  4:51  SCV x2  
  39  5:01  Stimpack, SCV  
  39  5:03  Marine x2, SCV x2, Marauder x2  
  48  5:12  Engineering Bay, Factory  
  48  5:13  SCV  
  49  5:14  Engineering Bay  
  49  5:22  Marine x2  
  49  5:25  Orbital Command  
  51  5:32  Marauder  
  51  5:34  Marauder  
  55  5:36  Combat Shields  
  55  5:38  SCV  
  56  5:44  SCV, Command Center  
  56  5:48  Marine x2  
  59  5:51  SCV  
  59  5:52  SCV  
  61  6:02  Supply Depot  
  61  6:04  Supply Depot x2  
  61  6:06  Terran Infantry Weapons Level 1  
  61  6:09  Terran Infantry Armor Level 1  
  61  6:22  Factory Reactor  
  61  6:23  SCV x3  
  64  6:26  Starport  
  64  6:27  Supply Depot  
  64  6:30  Supply Depot  
  64  6:31  Supply Depot  
  64  6:32  Bunker  
  64  6:36  SCV x3  
  67  6:48  SCV x3  
  62  6:57  Missile Turret  
  59  7:02  Missile Turret  
  59  7:03  SCV x3  
  59  7:04  SCV  
  60  7:15  SCV x3  
  63  7:16  SCV  
  64  7:23  Marine  
  64  7:24  Marine, Marauder x2  
  64  7:25  Factory Tech Lab  
  70  7:31  Planetary Fortress  
  70  7:36  SCV x3, Refinery  
  73  7:37  Refinery  
  73  7:41  Marine x2  
  75  7:45  Marauder x2  
  75  7:48  SCV x2, Barracks  
  75  7:49  Barracks  
  75  7:50  Armory  
  81  8:03  SCV x3  
  84  8:11  Marine x2, Marauder x2  
  90  8:15  SCV x3  
  90  8:17  Medivac x2  
  97  8:27  SCV x3  
  97  8:28  Marine  
  97  8:29  Marine  
  97  8:32  Marauder x2  
  106  8:37  Barracks Tech Lab  
  106  8:38  Barracks Reactor  
  106  8:39  SCV  
  107  8:45  Barracks  
  107  8:46  Barracks  
  107  8:51  Barracks  
  107  8:55  Terran Infantry Weapons Level 2, Terran Infantry Armor Level 2  
  107  9:07  Refinery  
  107  9:08  Refinery, Missile Turret  
  107  9:11  Command Center  
  107  9:13  Marine, Marauder x3  
  107  9:14  Marine x3  
  107  9:16  Medivac x2  
  121  9:23  SCV  
  122  9:25  SCV  
  123  9:32  Marine  
  123  9:34  Barracks Tech Lab x2  
  124  10:01  Marauder  
  124  10:02  Marine  
  124  10:04  Marine  
  124  10:05  SCV  
  124  10:22  Marine  
  124  10:23  SCV, Planetary Fortress, Marauder x3  
  124  10:25  Marauder  
  124  10:26  Marauder  
  124  10:27  Marine x3, Barracks Tech Lab  
  138  10:28  Medivac  
  138  10:33  Supply Depot, Medivac  
  138  10:34  Supply Depot  
  138  10:35  Supply Depot  
  136  10:38  Supply Depot  
  134  10:44  Marauder x2  
  138  10:50  Marauder x2  
  138  10:55  Marine x3, Marauder  
  138  10:56  Marine  
  144  10:57  Marauder  
  144  10:58  Supply Depot  
  144  11:00  Supply Depot, Medivac  
  144  11:03  Supply Depot, Medivac  
  144  11:04  Supply Depot  
  150  11:06  Marauder x2  
  154  11:11  Marauder x2  
  154  11:13  Marine x4  
  154  11:16  Marauder  
  164  11:19  Marauder  
  166  11:27  Supply Depot  
  160  12:17  Marauder  
  160  12:18  Marine x4, Marauder x5  
  160  12:20  Medivac x2  
  175  12:36  Marine x4  
  172  12:39  Marauder x5  
  172  12:40  Marauder  
  176  13:03  Refinery  
  176  13:04  Command Center x2  
  176  13:05  Refinery  
Tags
 
Composition
MMM Bio
Matchup
PvT
Replay Pack
All Mines
Spawn Locations
Cross Positions
Add a new tag
Caveats
  • Supply blocks, unpowered buildings, or Contaminate may cause inaccurate times.
  • Supply counts are checked every 10 seconds.